 Dungeon Crawl Stone Soup version 0.20.0-4-g10b340a (webtiles) character file.

117 MDvedh the Vexing (level 5, 0/38 HPs)
             Began as a Barachi Enchanter on May 27, 2017.
             Killed from afar by an orc wizard (5 damage)
             ... with a magic dart
             ... on level 3 of the Dungeon.
             The game lasted 00:06:27 (3313 turns).

MDvedh the Vexing (Barachi Enchanter)               Turns: 3313, Time: 00:06:27

Health: 0/38       AC:  5    Str: 11    XL:     5   Next: 1%
Magic:  9/9        EV: 12    Int: 15    God:
Gold:   70         SH:  0    Dex: 12    Spells: 3/9 levels left

rFire    . . .     SeeInvis .   a - +1 dagger
rCold    . . .     Gourm    .   (no shield)
rNeg     . . .     Faith    .   b - +0 robe
rPois    +         Spirit   .   k - +0 helmet
rElec    .         Reflect  .   (no cloak)
rCorr    .         Harm     .   (no gloves)
MR       .....                  (no boots)
Stlth    ++........             (no amulet)
Regen    0.2/turn               (no ring)
MPRegen  0.2/turn               (no ring)

@: slow
A: +LOS, swims, iridescent scales 1, poison resistance, slowness 1, strong legs
1
a: Hop


You were on level 3 of the Dungeon.
You were not hungry.

You visited 1 branch of the dungeon, and saw 3 of its levels.

You collected 70 gold pieces.

Inventory:

Hand Weapons
 a - a +1 dagger (weapon)
Armour
 b - a +0 robe (worn)
 k - a +0 helmet (worn)
Jewellery
 o - an uncursed ring of protection from fire {unknown}
Scrolls
 g - a scroll of identify {unknown}
 h - 2 scrolls of magic mapping {unknown}
 l - a scroll of remove curse {unknown}
 n - 2 scrolls of amnesia {unknown}
 p - a scroll of teleportation {unknown}
 r - a scroll of enchant armour {unknown}
Potions
 f - a potion of berserk rage {unknown}
Books
 c - a book of Maledictions

   Spells                             Type                      Level
   a - Corona                         Hexes                        1
   b - Ensorcelled Hibernation        Hexes/Ice                    2
   c - Confuse                        Hexes                        3
   d - Tukima's Dance                 Hexes                        3
   e - Dazzling Spray                 Conjuration/Hexes            3
Comestibles
 d - 4 bread rations
 i - 2 fruits
 j - a royal jelly
 m - 2 meat rations
 q - a chunk of flesh


   Skills:
 - Level 2.2 Fighting
 + Level 2.3 Short Blades
 - Level 2.0 Armour
 - Level 2.1 Dodging
 - Level 3.2 Stealth
 - Level 2.7 Spellcasting
 + Level 3.5 Hexes
 + Level 0.8 Ice Magic


You had 3 spell levels left.
You knew the following spells:

 Your Spells              Type           Power        Failure   Level  Hunger
a - Corona                Hex            ##.....      4%          1    #......
b - Ensorcelled Hibernat  Hex/Ice        #.....       13%         2    ##.....
c - Confuse               Hex            ##......     14%         3    ###....


Dungeon Overview and Level Annotations

Branches:
Dungeon (3/15)

Altars:
Yredelemnul
The Shining One


Innate Abilities, Weirdness & Mutations

Shadows flee at your approach. (+LOS)
You can swim through water.
You cover ground slowly.
You can hop short distances.
You are partially covered in iridescent scales. (AC +2)
Your system is resistant to poisons. (rPois)


Message History

The orc wizard misses you.
You hit the orc wizard but do no damage.
The orc wizard is severely wounded.
The orc wizard hits you but does no damage.
Something hits you but does no damage.
You hit the orc wizard.
The orc wizard is almost dead.
Something hits you but does no damage.
The orc wizard points at you and mumbles some strange words.
The magic dart hits you!
* * * LOW HITPOINT WARNING * * *
You miss the orc wizard.
The orc wizard is almost dead.
The orc wizard hits you but does no damage.
It was a potion of mutation.
You feel extremely strange.
Iridescent scales grow over part of your body.
You feel resistant to poisons.
The orc wizard gestures at you while chanting.
The magic dart hits you!
You die...

###....##......## ...##..
#....#...#.### ##^#..†
#........#...####..)...
..#......#.#........##(..
.......#.....#.####.#(...
.......##.....((..)......
...####.%.#......./.?##..
......?...#.##..##.......
..<####o@##.#..###..###..
#o###...(.....# ...


.oo .......)...#[.#. ##.. ....####........ #..#.... ###... #..#.##. ..#. ..# ##.
.> .#. You could see an orc wizard and 3 orcs.

Vanquished Creatures
  2 adders (D:2)
  An ooze (D:1)
  2 worms
  3 dart slugs
  3 leopard geckos
  2 orcs
  8 bats
  4 giant cockroaches
  6 goblins
  6 hobgoblins
  8 jackals
  12 kobolds
  2 quokkas (D:2)
  3 frilled lizards
  10 rats
72 creatures vanquished.

Vanquished Creatures (others)
  An adder (D:1)
  An ooze (D:1)
  A goblin (D:1)
3 creatures vanquished.

Grand Total: 75 creatures vanquished

Notes
Turn   | Place    | Note
-------+----------+-------------------------------------------
     0 | D:1      | MDvedh the Barachi Enchanter began the quest for the Orb.
     0 | D:1      | Reached XP level 1. HP: 13/13 MP: 3/3
    60 | D:1      | Reached skill level 1 in Fighting
    79 | D:1      | Reached skill level 1 in Armour
    92 | D:1      | Reached XP level 2. HP: 19/21 MP: 5/5
   601 | D:1      | Reached XP level 3. HP: 15/27 MP: 6/6
   832 | D:1      | Learned a level 2 spell: Ensorcelled Hibernation
   836 | D:1      | Learned a level 3 spell: Confuse
  1724 | D:2      | Reached XP level 4. HP: 24/33 MP: 2/7
  1976 | D:2      | Found a basalt altar of Yredelemnul.
  2711 | D:2      | Found a glowing golden altar of the Shining One.
  3133 | D:3      | Reached XP level 5. HP: 19/38 MP: 0/9
  3313 | D:3      | Gained mutation: You are partially covered in iridescent scales. (AC +2) [potion of mutation]
  3313 | D:3      | Gained mutation: Your system is resistant to poisons. (rPois) [potion of mutation]
  3313 | D:3      | Killed from afar by an orc wizard

Skill      XL: |  1  2  3  4 |
---------------+-------------+-----
Fighting       | 1 2 |  2.2
Armour         | 1 2 |  2.0
Stealth        | 3 |  3.2
Short Blades   | 2 |  2.3
Dodging        | |  2.1
Spellcasting   | |  2.7
Hexes          | |  3.5
Ice Magic      | |  0.8

Action                   |  1- 3 |  4- 6 || total
-------------------------+-------+-------++-------
Melee: Dagger            |   134 |   156 ||   290
 Cast: Ensorcelled Hiber |     3 |    14 ||    17
       Confuse           |     1 |       ||     1
 Abil: Hop               |       |     1 ||     1
  Use: Potion            |       |     1 ||     1
 Stab: Sleeping          |    11 |     7 ||    18
       Confused          |     1 |       ||     1
  Eat: Bread ration      |     1 |       ||     1
       Chunk             |       |     4 ||     4
       Royal jelly       |       |     1 ||     1
Armor: Robe              |    38 |    59 ||    97
Dodge: Dodged            |   100 |   123 ||   223
